 Dungeon Crawl Stone Soup version 0.24.0-13-gcf9b319 (webtiles) character file.

Game seed: 5651092736757497458, levelgen mode: deterministic

98 mirelia the Magician (level 4, 0/24 HPs)
             Began as a Deep Elf Fire Elementalist on Jan 9, 2020.
             Killed from afar by an orc wizard (4 damage)
             ... with a magic dart
             ... on level 3 of the Dungeon.
             The game lasted 00:17:27 (2877 turns).

mirelia the Magician (Deep Elf Fire Elementalist)   Turns: 2877, Time: 00:17:28

Health: 0/24       AC:  6    Str:  5    XL:     4   Next: 43%
Magic:  12/12      EV: 10    Int: 21    God:
Gold:   110        SH:  0    Dex: 15    Spells: 9/11 levels left

rFire    . . .     SeeInvis .   q - +1 whip (flame)
rCold    . . .     Gourm    .   (no shield)
rNeg     . . .     Faith    .   o - +0 ring mail
rPois    .         Spirit   .   l - +0 helmet
rElec    .         Reflect  .   (no cloak)
rCorr    .         Harm     .   (no gloves)
MR       .....                  (no boots)
Stlth    ++........             (no amulet)
HPRegen  0.08/turn              (no ring)
MPRegen  0.13/turn              (no ring)

@: about to teleport, slowed, very slow
A: no striking features
a: no special abilities


You were on level 3 of the Dungeon.
You were not hungry.

You visited 1 branch of the dungeon, and saw 3 of its levels.

You collected 110 gold pieces.

Inventory:

Hand Weapons
 d - a +0 short sword
 q - a +1 whip of flaming (weapon)
Armour
 g - a +0 robe
 l - a +0 helmet (worn)
 n - a +0 chain mail
 o - a +0 ring mail (worn)
Scrolls
 a - 2 scrolls of teleportation
 f - a scroll of identify
 i - 2 scrolls of remove curse
 m - a scroll of enchant armour {unknown}
 r - a scroll of fog {unknown}
Potions
 b - 2 potions of curing
 e - a potion of mutation {unknown}
 h - a potion of heal wounds {unknown}
 j - 2 potions of degeneration
 p - a potion of agility {unknown}
Comestibles
 c - 6 rations


   Skills:
 + Level 0.3 Fighting
 + Level 0.3 Short Blades
 + Level 2.6 Dodging
 + Level 3.1 Stealth
 + Level 4.4 Spellcasting
 + Level 2.0 Conjurations
 + Level 4.1 Fire Magic


You had 9 spell levels left.
You knew the following spells:

 Your Spells              Type           Power        Failure   Level  Hunger
a - Throw Flame           Conj/Fire      ###...       24%         2    #......

Your spell library contained the following spells:

 Spells                   Type           Power        Failure   Level  Hunger
 Flame Tongue             Conj/Fire      ###..        16%         1    None
 Conjure Flame            Conj/Fire      ###.....     43%         3    ##.....
 Inner Flame              Hex/Fire       ##......     56%         3    ##.....
 Sticky Flame             Conj/Fire      ###.....     83%         4    ####...
 Fireball                 Conj/Fire      ###.......   99%         5    ######.


Dungeon Overview and Level Annotations

Branches:
Dungeon (3/15)

Altars:
Ru


Message History

The orc barely misses you.
The orc wizard hits you with a +0 dagger.
You hit the orc wizard but do no damage.
The orc wizard is heavily wounded.
The orc closely misses you. The orc wizard misses you.
The orc wizard gestures at you while chanting.
The magic dart hits you. The orc hits you with a +0 mace.
You closely miss the orc wizard.
The orc wizard is heavily wounded.
The orc wizard mumbles some strange words.
The orc wizard blinks!
The orc closely misses you.
The orc wizard gestures at you while chanting.
The magic dart hits you.
* * * LOW HITPOINT WARNING * * *
All of the chunks of flesh in your inventory have rotted away.
As you read the scroll of teleportation, it crumbles to dust.
You feel strangely unstable. The orc closely misses you. x2
The orc wizard points at you and mumbles some strange words.
The magic dart hits you.
You die...

####### #.....#####.#
#....oo.....# #....@#
#.....### .##.....'.#
.... ........#+########
..... ..#..............#
..... ..#o.............#
.....
......##.........##.....
.........................
#........................


You could see an orc wizard and 2 orcs.

Vanquished Creatures
  2 adders (D:2)
  3 oozes
  3 worms (D:2)
  A dart slug (D:2)
  3 leopard geckos
  5 orcs (D:3)
  A giant cockroach (D:1)
  6 goblins
  4 hobgoblins (D:1)
  5 kobolds
  5 bats
  4 frilled lizards
  8 rats
50 creatures vanquished.

Notes
Turn   | Place    | Note
-------+----------+-------------------------------------------
     0 | D:1      | mirelia the Deep Elf Fire Elementalist began the quest for
                  | the Orb.
     0 | D:1      | Reached XP level 1. HP: 10/10 MP: 6/6
   187 | D:1      | Reached XP level 2. HP: 9/15 MP: 1/8
  1121 | D:2      | Learned a level 2 spell: Throw Flame
  1121 | D:2      | Reached XP level 3. HP: 19/19 MP: 7/10
  1784 | D:2      | You fall into a shaft and drop 1 floor!
  1844 | D:2      | Reached XP level 4. HP: 24/24 MP: 0/12
  2136 | D:2      | Found a sacrificial altar of Ru.
  2877 | D:3      | Killed from afar by an orc wizard

Levels and vault maps discovered:
D:1:      minmay_arrival_radiant_lines, layout_basic
D:2:      layout_rooms, lemuel_crystal_altar, minmay_hexomino_p4
D:3:      kennysheep_the_goblin_king, layout_basic

Skill      XL: |  1  2  3  4 |
---------------+-------------+-----
Stealth        | 3 |  3.1
Fire Magic     | 4 |  4.1
Spellcasting   | 4 |  4.4
Conjurations   | 2 |  2.0
Fighting       | |  0.3
Short Blades   | |  0.3
Dodging        | |  2.6

Action                   |  1- 3 |  4- 6 || total
-------------------------+-------+-------++-------
Melee: Short sword       |    11 |     3 ||    14
       Whip              |       |    24 ||    24
 Cast: Flame Tongue      |    35 |       ||    35
       Throw Flame       |    34 |    20 ||    54
  Use: Scroll            |     3 |     4 ||     7
       Potion            |     1 |       ||     1
  Eat: Chunk             |     4 |       ||     4
       Ration            |       |     1 ||     1
Armor: Robe              |     8 |     2 ||    10
       Ring mail         |       |    13 ||    13
Dodge: Dodged            |    14 |    26 ||    40
